 Dungeon Crawl Stone Soup version 0.30-a0-718-geaa24f58ff (webtiles) character file.

Game seed: 17045457511179800994

22253 ASSMAN the Timeless (level 12, -1/97 HPs)
             Began as a Demonspawn Delver on Jan 25, 2023.
             Was a High Priest of Cheibriados.
             Slain by an Executioner (11 damage)
             ... on level 4 of the Abyss.
             The game lasted 00:19:10 (12259 turns).

ASSMAN the Timeless (Demonspawn Delver)            Turns: 12259, Time: 00:19:11

Health: -1/97      AC: 17    Str: 30    XL:     12   Next: 61%
Magic:  22/22      EV: 14    Int: 26    God:    Cheibriados [*****.]
Gold:   575        SH:  0    Dex: 43    Spells: 11/11 levels left

rFire   + . .      SeeInvis +    L - +0 great sword (freeze)
rCold   + . .      Faith    .    (shield currently unavailable)
rNeg    + + +      Spirit   .    f - +5 leather armour of Ted Tutz {*Slow Str+4 Dex+3 SInv}
rPois   .          Reflect  .    (helmet restricted)
rElec   +          Harm     .    r - +0 cloak
rCorr   +          Rampage  .    P - +0 pair of gloves
Will    .....                    D - +2 pair of boots
Stlth   ++++                     (no amulet)
HPRegen 0.36/turn                B - +6 ring of dexterity
MPRegen 0.18/turn                u - ring of Ethics {rElec rC+ rN+++ rCorr Stlth-}

@: about to teleport, very slow
A: antennae 2, molten scales 3, foul stench 2, demonic magic 1
a: Renounce Religion, Bend Time, Temporal Distortion, Slouch, Step From Time


You were on level 4 of the Abyss.
You worshipped Cheibriados.
Cheibriados was extremely pleased with you.
You visited 3 branches of the dungeon, and saw 13 of its levels.
You visited the Abyss 1 time.
You also visited: Sewer.

You collected 575 gold pieces.

Inventory:

Hand Weapons
 a - a +0 short sword
 w - a +2 mace of venom
 I - a +4 heavy dire flail
 L - a +0 great sword of freezing (weapon)
 U - the +7 spear of Umuak {drain, +Blink rC+ Int+2 SInv}
   (You found it on level 11 of the Dungeon)

   Int:       It affects your intelligence (+2).
   rC:        It protects you from cold.
   SInv:      It lets you see invisible.
   +Blink:    It lets you blink.
Missiles
 Q - a throwing net (quivered)
Armour
 f - the +5 leather armour of Ted Tutz (worn) {*Slow Str+4 Dex+3 SInv}
   (You found it on level 5 of the Dungeon)

   Str:       It affects your strength (+4).
   Dex:       It affects your dexterity (+3).
   SInv:      It lets you see invisible.
   *Slow:     It may slow you when you take damage.
 r - a +0 cloak (worn)
 D - a +2 pair of boots (worn)
 P - a +0 pair of gloves (worn)
Magical Staves
 E - a staff of cold
Jewellery
 i - a ring of magical power
 u - the ring of Ethics (right hand) {rElec rC+ rN+++ rCorr Stlth-}
   (You found it on level 3 of the Dungeon)

   [ring of protection from cold]

   rC:        It protects you from cold.
   rElec:     It insulates you from electricity.
   rN:        It renders you almost immune to negative energy.
   rCorr:     It protects you from acid and corrosion.
   Stlth:     It makes you less stealthy.
 A - a ring of willpower
 B - a +6 ring of dexterity (left hand)
 N - a +6 ring of intelligence
 R - a ring of protection from cold
 S - a ring of fire
 T - a ring of ice
Wands
 g - a wand of digging (3)
 l - a wand of charming (25)
 H - a wand of light (3)
 J - a wand of iceblast (16)
Scrolls
 b - a scroll of butterflies {unknown}
 c - 3 scrolls of fog
 e - 2 scrolls of fear
 o - a scroll of amnesia
 t - 2 scrolls of poison
 v - 5 scrolls of teleportation
 x - 2 scrolls of enchant armour
 y - a scroll of blinking {unknown}
Potions
 d - 3 potions of berserk rage
 h - a potion of flight
 j - a potion of heal wounds
 k - 4 potions of might
 m - 3 potions of resistance
 n - 4 potions of brilliance {unknown}
 p - 4 potions of curing
 q - 2 potions of cancellation
 s - a potion of lignification {unknown}
 z - 2 potions of magic
 G - a potion of ambrosia {unknown}
 K - 2 potions of mutation {unknown}
 O - 2 potions of invisibility {unknown}


   Skills:
 - Level 10.0 Fighting
 - Level 4.1(9.4) Short Blades
 * Level 13.1(13.3) Long Blades
 - Level 1.7 Dodging
 - Level 6.6 Stealth
 + Level 14.4 Invocations


You had 11 spell levels left.
You didn't know any spells.
Your spell library contained the following spells:

 Spells                   Type           Power      Damage    Failure   Level
 Summon Small Mammal      Summ           0%         N/A       14%         1
 Call Canine Familiar     Summ           0%         N/A       38%         3
 Gell's Gravitas          Tloc           0%         N/A       38%         3
 Ozocubu's Armour         Ice            0%         N/A       38%         3
 Stone Arrow              Conj/Erth      0%         3d7       38%         3
 Summon Guardian Golem    Hex/Summ       0%         N/A       38%         3
 Teleport Other           Tloc           0%         N/A       38%         3
 Animate Armour           Summ/Erth      0%         N/A       80%         4
 Metabolic Englaciation   Hex/Ice        0%         N/A       98%         5
 Yara's Violent Unravell  Hex/Tmut       0%         3d3       98%         5
 Dispersal                Tloc           0%         N/A       100%        6
 Simulacrum               Ice/Necr       0%         N/A       100%        6
 Enfeeble                 Hex            0%         N/A       100%        7
 Lehudib's Crystal Spear  Conj/Erth      0%         10d2      100%        8


Dungeon Overview and Level Annotations

Branches:
Dungeon (11/15)            Temple (1/1) D:4            Lair (1/5) D:9
    Orc (0/2) D:11          Sewer (visited)

Altars:
Ashenzari
Cheibriados
Dithmenos
Gozag
Hepliaklqana
Makhleb
Okawaru
Sif Muna
Vehumet
Wu Jian
Yredelemnul

Shops:
D:4 =

Annotations:
D:8 4 transporters
Lair:1 3 runed translucent doors, Nergalle; Sonja; valliere's ghost, journeyman SpAr


Innate Abilities, Weirdness & Mutations

You have a pair of antennae on your head.
You are completely covered in molten scales. (AC +4, rF+)
You sometimes emit foul miasma when damaged in melee.
Spells you cast may paralyse adjacent enemies.


Message History

You carve the soul eater like a ham!!! You freeze the soul eater.
The soul eater is severely wounded.
You hear a roar!
The soul eater hits you!
* * * LOW HITPOINT WARNING * * *
You hit the soul eater but do no damage.
The soul eater is severely wounded.
The Executioner gestures.
The Executioner seems to speed up.
The soul eater hits you.
* * * LOW HITPOINT WARNING * * *
You feel much better. The Executioner hits you!
* * * LOW HITPOINT WARNING * * *
The Executioner hits you but does no damage. x5
The soul eater hits you.
* * * LOW HITPOINT WARNING * * *
The Executioner hits you!
* * * LOW HITPOINT WARNING * * *
You emit a cloud of foul miasma!
The Executioner hits you.
* * * LOW HITPOINT WARNING * * *
The Executioner completely misses you.
You feel much better.
The Executioner hits you but does no damage. x3
The Executioner hits you!
* * * LOW HITPOINT WARNING * * *
The Executioner hits you.
* * * LOW HITPOINT WARNING * * *
The Executioner hits you but does no damage.
The soul eater hits you!
* * * LOW HITPOINT WARNING * * *
The Executioner hits you!
* * * LOW HITPOINT WARNING * * *
The Executioner hits you but does no damage.
The Executioner barely misses you.
You feel much better. The Executioner hits you.
* * * LOW HITPOINT WARNING * * *
The Executioner hits you.
* * * LOW HITPOINT WARNING * * *
The Executioner hits you but does no damage.
The Executioner hits you!
You die...

. ## . .###. #. ..#.
#x# ##....~. #
#.#####..~~~♣## ~
...#.~#.##~~.~~~~.. #
.....~.......#.....~##
#....~3@~.....~......
##.§..##1.##..##... #
...#...#..##..##....#
# .≈.. ............#.#
................1....
... ..##..##..#... ##
. . ... ..# ..##.. .#
.. .......... ..X#
...............#..


You could see an Executioner (fast), a soul eater and an ancient zyme.

Vanquished Creatures
  A very ugly thing (Abyss:3)
  Josephine (D:11)
  Fannar (D:11)
  A rakshasa (Abyss:2)
  3 two-headed ogres
  3 thrashing horrors (Abyss:3)
  2 large abominations
  A manticore (D:11)
  An ugly thing (D:11)
  2 smoke demons (Abyss:3)
  A cane toad (Lair:1)
  A gargoyle (D:10)
  A merfolk (D:9)
  Psyche (D:11)
  A troll (D:9)
  4 blink frogs (Lair:1)
  2 shadows
  33 yaks
  4 wraiths (D:11)
  A wyvern (D:7)
  A fire elemental (Abyss:3)
  A basilisk (Abyss:2)
  A chaos spawn (Abyss:3)
  3 steam dragons (D:9)
  A neqoxec (Abyss:3)
  Edmund (D:6)
  A small abomination (Abyss:3)
  8 water moccasins
  Pargi (Sewer)
  2 ice beasts
  A sky beast (D:8)
  4 orc warriors
  2 black bears
  2 ogres (D:4)
  8 centaurs
  A kobold brigand (D:7)
  3 bullfrogs
  5 scorpions
  12 wights
  8 killer bees
  A howler monkey (D:6)
  A jelly (D:7)
  3 orc priests
  A hound (D:5)
  11 orc wizards
  A scorpion zombie (D:3)
  4 iguanas
  A hound zombie (D:3)
  13 adders
  A river rat (D:6)
  A shadow imp (D:8)
  A white imp (Abyss:2)
  An ufetubus (D:7)
  2 worms
  2 dart slugs
  31 orcs
  9 ball pythons
  10 endoplasms
  7 giant cockroaches
  3 goblins
  8 hobgoblins
  4 jackals
  8 kobolds
  5 quokkas
  8 bats
  A frilled lizard (Sewer)
  5 rats
274 creatures vanquished.

Vanquished Creatures (others)
  2 killer bees (D:9)
  7 fungi
  8 plants
17 creatures vanquished.

Grand Total: 291 creatures vanquished

Notes
Turn   | Place    | Note
-------+----------+-------------------------------------------
     0 | D:5      | ASSMAN the Demonspawn Delver began the quest for the Orb.
     0 | D:5      | Reached XP level 1. HP: 18/18 MP: 1/1
   101 | D:5      | Noticed a hound
   117 | D:5      | Killed a hound
   118 | D:5      | Reached skill level 5 in Stealth
   118 | D:5      | Gained mutation: You have a pair of small antennae on your
                  | head. [demonic ancestry]
   118 | D:5      | Reached XP level 2. HP: 9/24 MP: 2/2
   118 | D:5      | Reached XP level 3. HP: 11/29 MP: 3/3
   340 | D:5      | Found an opulent altar of Gozag.
   408 | D:5      | Noticed a scorpion
   410 | D:5      | Identified the +5 leather armour of Ted Tutz {*Slow Str+4
                  | Dex+3 SInv}
   609 | D:4      | Found a staircase to the Ecumenical Temple.
   640 | Temple   | Entered the Ecumenical Temple
   652 | Temple   | Became a worshipper of Cheibriados the Contemplative
   670 | D:4      | Noticed a scorpion
   689 | D:4      | Killed a scorpion
   690 | D:4      | Reached skill level 1 in Invocations
   690 | D:4      | Gained mutation: You may rarely emit foul miasma when
                  | damaged in melee. [demonic ancestry]
   690 | D:4      | Reached XP level 4. HP: 35/35 MP: 5/5
   857 | D:4      | Reached XP level 5. HP: 13/41 MP: 6/6
  1181 | D:4      | Found Fenan's Jewellery Shop.
  1216 | D:4      | Noticed an ogre
  1225 | D:4      | Killed an ogre
  1226 | D:4      | Reached skill level 2 in Invocations
  1538 | D:4      | Noticed an ogre
  1553 | D:4      | Killed an ogre
  1554 | D:4      | Reached skill level 3 in Invocations
  1554 | D:4      | Gained mutation: You are partially covered in molten
                  | scales. (AC +2) [demonic ancestry]
  1554 | D:4      | Reached XP level 6. HP: 13/47 MP: 8/8
  2094 | D:3      | Reached * piety under Cheibriados
  2336 | D:3      | Identified the ring of Ethics {rElec rC+ rN+++ rCorr
                  | Stlth-}
  2733 | D:3      | Found a basalt altar of Yredelemnul.
  3413 | D:1      | Reached ** piety under Cheibriados
  3750 | D:1      | Found a faded altar of an unknown god.
  4048 | D:5      | Noticed an ice beast
  4068 | D:5      | Killed an ice beast
  4069 | D:5      | Reached skill level 4 in Invocations
  4069 | D:5      | Gained mutation: You are mostly covered in molten scales.
                  | (AC +3) [demonic ancestry]
  4069 | D:5      | Reached XP level 7. HP: 30/53 MP: 10/10
  4238 | D:5      | Reached skill level 5 in Invocations
  4554 | D:5      | Reached skill level 6 in Invocations
  4633 | D:5      | Reached skill level 5 in Fighting
  4821 | D:6      | Gained mutation: You have a pair of antennae on your head.
                  | [demonic ancestry]
  4821 | D:6      | Reached XP level 8. HP: 37/62 MP: 12/12
  4839 | D:6      | Noticed Edmund
  4842 | D:6      | Reached *** piety under Cheibriados
  4920 | D:6      | Found a glowing drain.
  4925 | D:6      | Reached skill level 7 in Invocations
  4927 | Sewer    | Entered a sewer
  5090 | Sewer    | Noticed Pargi
  5097 | Sewer    | Killed Pargi
  5250 | D:6      | Killed Edmund
  6126 | D:7      | Gained mutation: Spells you cast may paralyse adjacent
                  | enemies. [demonic ancestry]
  6126 | D:7      | Reached XP level 9. HP: 69/75 MP: 14/14
  6582 | D:7      | Reached skill level 1 in Long Blades
  6590 | D:7      | Reached **** piety under Cheibriados
  7106 | D:8      | Found a broken altar of Ashenzari.
  7190 | D:8      | Found a transporter.
  7209 | D:8      | Found a transporter.
  7241 | D:8      | Found a transporter.
  7260 | D:8      | Found a transporter.
  7305 | D:9      | Noticed a troll
  7309 | D:9      | Killed a troll
  7393 | D:9      | Reached skill level 10 in Fighting
  7393 | D:9      | Reached skill level 8 in Invocations
  7396 | D:9      | Reached skill level 5 in Long Blades
  7905 | D:9      | Gained mutation: You sometimes emit foul miasma when
                  | damaged in melee. [demonic ancestry]
  7905 | D:9      | Reached XP level 10. HP: 85/85 MP: 16/16
  8216 | D:9      | Reached skill level 9 in Invocations
  8435 | D:9      | Found a staircase to the Lair.
  8563 | D:10     | Entered Level 10 of the Dungeon
  8634 | D:10     | Noticed a gargoyle
  8647 | D:10     | Killed a gargoyle
  8665 | D:10     | Reached skill level 10 in Invocations
  8669 | D:10     | Reached ***** piety under Cheibriados
  8892 | D:10     | Noticed a two-headed ogre
  8897 | D:10     | Killed a two-headed ogre
  8951 | D:10     | Gained mutation: You are completely covered in molten
                  | scales. (AC +4, rF+) [demonic ancestry]
  8951 | D:10     | Reached XP level 11. HP: 62/90 MP: 19/19
  9386 | D:11     | Reached skill level 11 in Invocations
  9641 | D:11     | Found a staircase to the Orcish Mines.
  9645 | D:11     | Found a snail-covered altar of Cheibriados.
  9662 | D:11     | Noticed Fannar
  9672 | D:11     | Killed Fannar
  9806 | D:11     | Noticed a two-headed ogre
  9813 | D:11     | Killed a two-headed ogre
  9814 | D:11     | Reached skill level 10 in Long Blades
 10249 | D:11     | Noticed a two-headed ogre
 10258 | D:11     | Killed a two-headed ogre
 10259 | D:11     | Reached skill level 12 in Invocations
 10398 | D:11     | Noticed Psyche
 10406 | D:11     | Killed Psyche
 10426 | D:11     | Noticed Josephine
 10433 | D:11     | Killed Josephine
 10550 | D:11     | Noticed a red ugly thing
 10555 | D:11     | Killed a red ugly thing
 10642 | D:11     | Identified the +7 spear of Umuak {drain, +Blink rC+ Int+2
                  | SInv}
 11032 | Lair:1   | Entered Level 1 of the Lair of Beasts
 11141 | Lair:1   | Reached skill level 13 in Invocations
 11142 | Lair:1   | Reached XP level 12. HP: 28/97 MP: 21/21
 11148 | Lair:1   | Reached ****** piety under Cheibriados
 11586 | Lair:1   | Found a runed translucent gate.
 11586 | Lair:1   | Found a runed translucent gate.
 11586 | Lair:1   | Found a runed translucent gate.
 11796 | Lair:1   | Noticed valliere's ghost (journeyman SpAr)
 11801 | Lair:1   | Noticed Nergalle
 11802 | Lair:1   | Noticed Sonja
 11843 | Abyss:2  | Cast into level 2 of the Abyss (Sonja)
 11928 | Abyss:2  | Noticed a rakshasa
 11939 | Abyss:2  | Killed a rakshasa
 12123 | Abyss:3  | Found a corrupted altar of Lugonu.
 12150 | Abyss:3  | Found a corrupted altar of Lugonu.
 12169 | Abyss:3  | Reached skill level 14 in Invocations
 12169 | Abyss:3  | Noticed a cyan very ugly thing
 12180 | Abyss:3  | HP: 6/145 [cyan very ugly thing (6)]
 12181 | Abyss:3  | Killed a cyan very ugly thing
 12245 | Abyss:4  | Noticed an Executioner
 12252 | Abyss:4  | Noticed an Executioner
 12258 | Abyss:4  | HP: 2/97 [Executioner (11)]
 12259 | Abyss:4  | Slain by an Executioner

Illustrated notes

Levels and vault maps discovered:
D:1:      lemuel_arrival_funnel, layout_rooms,
          shapermc_ecumenical_altar_hornbeckon, chequers_serial_rivers_micro_e,
          st_stairs_13
D:2:      layout_rooms, kennysheep_potato
D:3:      layout_basic, lemuel_zombie_altar_yredelemnul,
          mainiacjoe_overflow_alcove_2
D:4:      layout_cave_pods, temple_green, serial_shops,
          nicolae_shop_statue_plus, dk_vineyard_2
D:5:      layout_loops_ring, kennysheep_mini_moat
D:6:      layout_rooms, portal_sewer_entry_e, uniq_edmund
D:7:      layout_basic
D:8:      layout_gridville, lemuel_doored_altar,
          nicolae_transporter_intersection
D:9:      kennysheep_steamy, layout_cave_pools, lair_entry_dummy,
          hangedman_fish_farm
D:10:     layout_gridville, item_on_display_a
D:11:     layout_basic, orc_0_dummy, minmay_misc_feat_square,
          kennysheep_slug_shrine, uniq_psyche, uniq_fannar, uniq_josephine
Temple:   eino_narrow_crystal_temple
Lair:1:   layout_regular_city, gammafunk_ghost_icy, cheibrodos_lair_reptile_den,
          uniq_sonja, uniq_nergalle
Abyss:4:  base:
D:14

Skill      XL: |  1  2  3  4  5  6  7  8  9 10 11 12 |
---------------+-------------------------------------+-----
Stealth        | 5 6 |  6.6
Short Blades   | 2 3 4 |  4.1
Invocations    | 1 3 4 6 7 8 10 13 14 | 14.4
Fighting       | 5 8 10 | 10.0
Long Blades    | 5 8 11 13 | 13.1
Dodging        | |  1.7

Action                     |  1- 3 |  4- 6 |  7- 9 | 10-12 || total
---------------------------+-------+-------+-------+-------++-------
  Melee: Short sword       |    62 |   175 |       |       ||   237
         Punch             |     1 |     3 |     3 |       ||     7
         Mace              |       |    50 |   165 |       ||   215
         Great sword       |       |       |    96 |   265 ||   361
  Throw: Throwing net      |       |       |       |     3 ||     3
 Invoke: Temporal Distorti |       |       |     1 |     1 ||     2
         Slouch            |       |       |     2 |     1 ||     3
    Use: Potion            |     1 |       |       |     6 ||     7
         Scroll            |       |       |     2 |    16 ||    18
   Stab: Sleeping          |     1 |    18 |     8 |     4 ||    31
         Distracted        |       |       |       |     2 ||     2
         Held in net/web   |       |       |       |     1 ||     1
 Armour: Leather armour    |    22 |    74 |   234 |   213 ||   543
  Dodge: Dodged            |    37 |   120 |   361 |   296 ||   814

Table legend: (Time is in decaauts)
 A = Elapsed time spent in this place.
 B = Non-inter-level travel time spent in this place.
 C = Inter-level travel time spent in this place.
 D = Time resting spent in this place.
 E = Time spent auto-exploring this place.
 F = Levels seen in this place.
 G = Mean time per level.
                   A        B        C        D        E       F      G
               +--------+--------+--------+--------+--------+-----+--------+
         Total |  16487 |  15745 |    742 |   2591 |  10485 |  17 |  969.8 |
       Dungeon |  14341 |  13610 |    731 |   2231 |   9177 |  11 | 1303.7 |
        Temple |     22 |     12 |     10 |      0 |      9 |   1 |   22.0 |
          Lair |   1234 |   1234 |      0 |    204 |    798 |   1 | 1234.0 |
         Abyss |    585 |    585 |      0 |     78 |    346 |   3 |  195.0 |
         Sewer |    303 |    303 |      0 |     78 |    153 |   1 |  303.0 |
               +--------+--------+--------+--------+--------+-----+--------+

Top non-repeatable levels by time:
    D:11: 2158 daAuts
     D:5: 1556 daAuts
     D:7: 1552 daAuts
     D:4: 1487 daAuts
     D:3: 1462 daAuts
    D:10: 1302 daAuts
     D:9: 1263 daAuts
  Lair:1: 1234 daAuts
     D:8: 1163 daAuts
     D:6: 867 daAuts
     D:2: 778 daAuts
     D:1: 748 daAuts
 Abyss:2: 305 daAuts
   Sewer: 303 daAuts
 Abyss:3: 201 daAuts
